 Dungeon Crawl Stone Soup version 0.31-a0-303-gdc8c9485ea (webtiles) character file.

Game seed: 12370935842657402364

3668 ragingrage the Blocker (level 10, -7/82 HPs)
             Began as a Gnoll Fighter on July 16, 2023.
             Was a Believer of Cheibriados.
             Mangled by a two-headed ogre
             ... wielding a +0 giant club
              (20 damage)
             ... on level 8 of the Dungeon.
             The game lasted 00:10:05 (7578 turns).

ragingrage the Blocker (Gnoll Fighter)              Turns: 7578, Time: 00:10:06

Health: -7/82      AC:  9    Str: 26    XL:     10   Next: 12%
Magic:  8/8        EV: 19    Int: 16    God:    Cheibriados [**....]
Gold:   165        SH:  6    Dex: 17    Spells: 16/19 levels left

rFire   . . .        a - +4 flail (flame)
rCold   + . .        c - +0 buckler
rNeg    . . .        l - +3 leather armour of Nasat {rElec rCorr MP-9 Str+5}
rPois   .            D - +0 helmet
rElec   +            (no cloak)
rCorr   +            (no gloves)
SInv    .            B - +0 pair of boots
Will    .....        (no amulet)
Stlth   +++          t - +5 ring of evasion
HPRegen 0.33/turn    n - ring of protection from cold
MPRegen 0.11/turn

%: no passive effects
@: very slow
A: fangs 1, strong nose, distributed training
a: Renounce Religion, Bend Time


You were on level 8 of the Dungeon.
You worshipped Cheibriados.
Cheibriados was pleased with you.
You visited 2 branches of the dungeon, and saw 9 of its levels.
You also visited: Bailey.

You collected 293 gold pieces.
You spent 128 gold pieces at shops.

Inventory:

Hand Weapons
 a - a +4 flail of flaming (weapon)
 s - a +1 war axe of venom
 G - a +5 halberd
Armour
 c - a +0 buckler (worn)
 l - the +3 leather armour of Nasat (worn) {rElec rCorr MP-9 Str+5}
   (You found it on level 2 of the Dungeon)

   Str:       It affects your strength (+5).
   rElec:     It insulates you from electricity.
   MP:        It affects your magic capacity (-9).
   rCorr:     It protects you from acid and corrosion.
 B - a +0 pair of boots (worn)
 D - a +0 helmet (worn)
 E - a +0 leather armour of cold resistance
Jewellery
 b - a ring of magical power
 n - a ring of protection from cold (right hand)
 r - a ring of ice
 t - a +5 ring of evasion (left hand)
Wands
 p - a wand of quicksilver (3)
 y - a wand of polymorph (8)
Scrolls
 f - a scroll of teleportation
 g - 2 scrolls of amnesia
 j - a scroll of blinking
 k - 2 scrolls of vulnerability
 m - a scroll of enchant weapon
 o - a scroll of torment
 u - 2 scrolls of fear
Potions
 d - a potion of might
 e - a potion of lignification
 h - 5 potions of curing
 i - a potion of heal wounds {unknown}
 q - a potion of ambrosia {unknown}
 v - a potion of invisibility {unknown}
 w - 2 potions of attraction
 z - a potion of mutation {unknown}
 A - 2 potions of enlightenment {unknown}


   Skills:
 + Level 8.4 Fighting
 + Level 5.0 Short Blades
 + Level 5.0 Long Blades
 + Level 5.0 Axes
 + Level 6.9 Maces & Flails
 + Level 5.0 Polearms
 + Level 5.0 Staves
 + Level 5.0 Ranged Weapons
 + Level 5.0 Throwing
 + Level 8.4 Armour
 + Level 5.0 Dodging
 + Level 5.0 Stealth
 + Level 8.4 Shields
 + Level 5.0 Unarmed Combat
 + Level 5.0 Spellcasting
 + Level 4.2 Conjurations
 + Level 4.2 Hexes
 + Level 4.2 Summonings
 + Level 4.2 Necromancy
 + Level 4.2 Translocations
 + Level 4.2 Transmutations
 + Level 4.2 Fire Magic
 + Level 4.2 Ice Magic
 + Level 4.2 Air Magic
 + Level 4.2 Earth Magic
 + Level 4.2 Poison Magic
 + Level 5.5 Invocations
 + Level 5.0 Evocations
 + Level 4.2 Shapeshifting


You had 16 spell levels left.
You knew the following spells:

 Your Spells              Type           Power      Damage    Failure   Level
a - Vhi's Electric Charg  Tloc/Air       34%        N/A       11%         3

Your spell library contained the following spells:

 Spells                   Type           Power      Damage    Failure   Level
 Cigotuvi's Dreadful Rot  Necr/Pois/Air  34%        N/A       5%          2
 Dispel Undead            Necr           17%        3d10      34%         4
 Arcjolt                  Conj/Air       8%         1d18      67%         5
 Death Channel            Necr           8%         N/A       99%         6
 Plasma Beam              Fire/Air       8%         2x1d19    99%         6


Dungeon Overview and Level Annotations

Branches:
Dungeon (8/15)             Temple (1/1) D:5          Bailey (visited)
   Lair: D:8-11

Altars:
Ashenzari
Cheibriados
Dithmenos
Elyvilon
Fedhas
Gozag
Hepliaklqana
Kikubaaqudgha
Nemelex Xobeh
Okawaru
Qazlal
Ru
Sif Muna
Trog
Uskayaw
Vehumet
Wu Jian
Xom
Yredelemnul
Zin
The Shining One

Shops:
D:4 :*   D:5 :   D:6 ?*   D:8 *

Annotations:
D:7 Dowan, Duvessa


Innate Abilities, Weirdness & Mutations

You have very sharp teeth.
Your uncanny sense of smell can sniff out nearby items.
Your experience applies equally to all skills.


Message History

You hit the wight. You burn the wight.
You destroy the wight!
Cheibriados appreciates the change of pace.
No target in view!
No target in view!
No target in view!
No target in view!
You open the door.
A bullfrog comes into view.
A bullfrog is nearby!
A bullfrog is nearby!
A two-headed ogre comes into view.
It is wielding a +0 giant club and a +0 giant spiked club.
There is an open door here.
Found Giarghim's General Store.
The two-headed ogre shouts in stereo!
You sock the bullfrog! You burn the bullfrog. You block the bullfrog's attack.
The bullfrog misses you.
You closely miss the bullfrog. The bullfrog barely misses you.
You thump the bullfrog! You burn the bullfrog. The bullfrog hits you.
The bullfrog barely misses you.
You sock the two-headed ogre! You burn the two-headed ogre.
The bullfrog misses you.
You block the two-headed ogre's attack. x2
You sock the two-headed ogre! You burn the two-headed ogre.
Your bite misses the two-headed ogre.
The bullfrog hits you but does no damage.
The bullfrog completely misses you.
You hit the two-headed ogre but do no damage.
The bullfrog misses you.
The two-headed ogre hits you with a +0 giant club!!
The two-headed ogre misses you. You block the bullfrog's attack.
You hit the two-headed ogre. You burn the two-headed ogre.
The bullfrog completely misses you.
The two-headed ogre hits you with a +0 giant club!!
The two-headed ogre hits you with a +0 giant spiked club!!
* * * LOW HITPOINT WARNING * * *
You sock the two-headed ogre! You burn the two-headed ogre.
You bite the two-headed ogre. You block the bullfrog's attack.
The bullfrog barely misses you. The two-headed ogre barely misses you.
The two-headed ogre hits you with a +0 giant spiked club!!
You die...

.....#...###<####..#....
....###.########.......
### #..........#.....
##############.....
#.............####.
#.###########.# #. #...#
#.# ## ###'##+### #.# #
#.@........ #.#####
#.FO..)...# #.#....
#.........# #.#....
#......#.## #.#....
#.......∩.. #.'....
#.....?#.#. ###....
#........# #....
#........ #.... #....


You could see a two-headed ogre and a bullfrog.

Vanquished Creatures
  Sigmund (D:3)
  5 humans (Bailey)
  2 water moccasins
  2 ice beasts
  An orc warrior (D:8)
  15 bullfrogs
  A scorpion (D:6)
  12 wights
  A howler monkey (D:4)
  4 hounds
  2 jellies
  A gnoll bouda (D:6)
  2 orc priests
  Ijyb (D:5)
  2 iguanas (D:5)
  2 orc wizards (D:7)
  5 gnolls
  10 adders
  A white imp (D:6)
  An ufetubus (D:6)
  2 worms
  2 dart slugs
  24 orcs
  4 bats
  7 endoplasms
  4 giant cockroaches
  6 goblins
  12 hobgoblins
  3 jackals (D:2)
  4 quokkas
  9 ball pythons
  A frilled lizard (D:3)
  4 kobolds
  7 rats
160 creatures vanquished.

Notes
Turn   | Place    | Note
-------+----------+-------------------------------------------
     0 | D:1      | ragingrage the Gnoll Fighter began the quest for the Orb.
     0 | D:1      | Reached XP level 1. HP: 23/23 MP: 1/1
   200 | D:1      | Reached XP level 2. HP: 20/29 MP: 2/2
   980 | D:2      | Reached XP level 3. HP: 35/35 MP: 2/4
  1027 | D:2      | Reached skill level 1 in Invocations
  1105 | D:2      | Reached skill level 1 in Short Blades
  1105 | D:2      | Reached skill level 1 in Long Blades
  1105 | D:2      | Reached skill level 1 in Axes
  1105 | D:2      | Reached skill level 1 in Polearms
  1105 | D:2      | Reached skill level 1 in Staves
  1105 | D:2      | Reached skill level 1 in Ranged Weapons
  1105 | D:2      | Reached skill level 1 in Throwing
  1105 | D:2      | Reached skill level 1 in Dodging
  1105 | D:2      | Reached skill level 1 in Stealth
  1105 | D:2      | Reached skill level 1 in Unarmed Combat
  1105 | D:2      | Reached skill level 1 in Spellcasting
  1105 | D:2      | Reached skill level 1 in Evocations
  1210 | D:2      | Identified the +3 leather armour of Nasat {rElec rCorr MP-9
                  | Str+5}
  1325 | D:2      | Reached XP level 4. HP: 41/41 MP: 0/5
  1754 | D:3      | Reached skill level 1 in Conjurations
  1754 | D:3      | Reached skill level 1 in Hexes
  1754 | D:3      | Reached skill level 1 in Summonings
  1754 | D:3      | Reached skill level 1 in Necromancy
  1754 | D:3      | Reached skill level 1 in Translocations
  1754 | D:3      | Reached skill level 1 in Transmutations
  1754 | D:3      | Reached skill level 1 in Fire Magic
  1754 | D:3      | Reached skill level 1 in Ice Magic
  1754 | D:3      | Reached skill level 1 in Air Magic
  1754 | D:3      | Reached skill level 1 in Earth Magic
  1754 | D:3      | Reached skill level 1 in Poison Magic
  1754 | D:3      | Reached skill level 1 in Shapeshifting
  1936 | D:3      | Reached XP level 5. HP: 32/47 MP: 0/7
  2028 | D:3      | Found a white marble altar of Elyvilon.
  2042 | D:3      | Noticed Sigmund
  2497 | D:3      | Killed Sigmund
  2498 | D:3      | Reached skill level 5 in Maces & Flails
  2498 | D:3      | Reached XP level 6. HP: 39/53 MP: 0/9
  3122 | D:4      | Found Pucog's Assorted Antiques.
  3131 | D:4      | Bought a metallic inky potion for 24 gold pieces
  3131 | D:4      | Bought 2 inky potions for 48 gold pieces
  3201 | D:4      | Found an ornate altar of the Wu Jian Council.
  3213 | D:4      | Reached XP level 7. HP: 41/59 MP: 1/10
  3808 | D:4      | Found Wuiker's Book Boutique.
  4178 | D:5      | Entered Level 5 of the Dungeon
  4211 | D:5      | You fall into a shaft and drop 1 floor!
  4258 | D:6      | Found Ulerph's Magic Scroll Shoppe.
  4263 | D:6      | Found Vikly's Elemental Accessories.
  4299 | D:6      | Bought a scroll of fear for 56 gold pieces
  4566 | D:6      | Found a blossoming altar of Fedhas.
  4741 | D:6      | Reached XP level 8. HP: 47/67 MP: 3/12
  4950 | D:5      | Found Raimpis's Book Boutique.
  5176 | D:5      | Noticed Ijyb
  5203 | D:5      | Killed Ijyb
  5478 | D:5      | Found a staircase to the Ecumenical Temple.
  5487 | Temple   | Entered the Ecumenical Temple
  5568 | Temple   | Became a worshipper of Cheibriados the Contemplative
  6154 | D:6      | Found a hide-covered altar of Uskayaw.
  6177 | D:6      | Found a hazy altar of Hepliaklqana.
  6229 | D:7      | Reached * piety under Cheibriados
  6243 | D:7      | Found a flagged portal.
  6280 | D:7      | Reached XP level 9. HP: 65/73 MP: 5/14
  6315 | Bailey   | Entered a bailey
  6735 | Bailey   | Reached ** piety under Cheibriados
  6740 | Bailey   | Reached skill level 5 in Invocations
  6772 | Bailey   | Reached XP level 10. HP: 10/80 MP: 5/17
  6880 | Bailey   | Noticed a vault guard
  7212 | D:7      | Noticed Duvessa
  7212 | D:7      | Noticed Dowan
  7215 | D:7      | Found a radiant altar of Vehumet.
  7236 | D:8      | Reached skill level 5 in Short Blades
  7236 | D:8      | Reached skill level 5 in Long Blades
  7236 | D:8      | Reached skill level 5 in Axes
  7236 | D:8      | Reached skill level 5 in Polearms
  7236 | D:8      | Reached skill level 5 in Staves
  7236 | D:8      | Reached skill level 5 in Ranged Weapons
  7236 | D:8      | Reached skill level 5 in Throwing
  7236 | D:8      | Reached skill level 5 in Dodging
  7236 | D:8      | Reached skill level 5 in Stealth
  7236 | D:8      | Reached skill level 5 in Unarmed Combat
  7236 | D:8      | Reached skill level 5 in Spellcasting
  7236 | D:8      | Reached skill level 5 in Evocations
  7447 | D:8      | Learned a level 3 spell: Vhi's Electric Charge
  7569 | D:8      | Noticed a two-headed ogre
  7570 | D:8      | Found Giarghim's General Store.
  7578 | D:8      | Mangled by a two-headed ogre

Illustrated notes

Levels and vault maps discovered:
D:1:      minmay_arrival_glassed_features, layout_loops_corners, minivault_26,
          minmay_statues_item
D:2:      layout_loops_ring, eino_tiny_chamber
D:3:      layout_loops_corners, elyvilon_altar_1, guppyfry_early_lair_pool,
          uniq_sigmund
D:4:      layout_basic, mainiacjoe_overflow_catwalk, serial_shops,
          nicolae_stop_n_shop_1, nicolae_inconvenience_store
D:5:      layout_rooms, temple_hall, serial_shops, shop, uniq_ijyb
D:6:      layout_basic, kennysheep_mini_moat, mainiacjoe_overflow_alcove_1,
          lemuel_doored_altar, serial_shops, nicolae_shop_window_shopping,
          nicolae_elemental_shop
D:7:      layout_rooms, nicolae_vehumet_radiance, enter_bailey_2, serial_glass,
          glass_columns_a, glass_columns_b, glass_columns_c, glass_columns_a,
          glass_columns_a, glass_columns_c, hangedman_decor_push,
          grunt_ministairs_2, uniq_duvessa
D:8:      layout_basic, serial_shops, nicolae_shop_crystal, wad_floor_pattern_1
Temple:   regret_index_temple_waves

Skill      XL: |  1  2  3  4  5  6  7  8  9 10 |
---------------+-------------------------------+-----
Invocations    | 1 2 3 4 5 |  5.5
Short Blades   | 1 2 3 4 5 |  5.0
Long Blades    | 1 2 3 4 5 |  5.0
Axes           | 1 2 3 4 5 |  5.0
Polearms       | 1 2 3 4 5 |  5.0
Staves         | 1 2 3 4 5 |  5.0
Ranged Weapons | 1 2 3 4 5 |  5.0
Throwing       | 1 2 3 4 5 |  5.0
Dodging        | 1 2 3 4 5 |  5.0
Stealth        | 1 2 3 4 5 |  5.0
Unarmed Combat | 1 2 3 4 5 |  5.0
Spellcasting   | 1 2 3 4 5 |  5.0
Evocations     | 1 2 3 4 5 |  5.0
Conjurations   | 1 2 3 4 |  4.2
Hexes          | 1 2 3 4 |  4.2
Summonings     | 1 2 3 4 |  4.2
Necromancy     | 1 2 3 4 |  4.2
Translocations | 1 2 3 4 |  4.2
Transmutations | 1 2 3 4 |  4.2
Fire Magic     | 1 2 3 4 |  4.2
Ice Magic      | 1 2 3 4 |  4.2
Air Magic      | 1 2 3 4 |  4.2
Earth Magic    | 1 2 3 4 |  4.2
Poison Magic   | 1 2 3 4 |  4.2
Shapeshifting  | 1 2 3 4 |  4.2
Maces & Flails | 5 6 |  6.9
Fighting       | 7 8 |  8.4
Armour         | 7 8 |  8.4
Shields        | 7 8 |  8.4

Action                     |  1- 3 |  4- 6 |  7- 9 | 10-12 || total
---------------------------+-------+-------+-------+-------++-------
  Melee: Flail             |    95 |    73 |   149 |    33 ||   350
         Bite              |    10 |    15 |    25 |     5 ||    55
         Trident           |       |    91 |   127 |       ||   218
 Invoke: Bend Time         |       |       |     1 |       ||     1
  Evoke: Wand              |       |       |    12 |       ||    12
    Use: Scroll            |       |     6 |     5 |     5 ||    16
         Potion            |       |       |     1 |       ||     1
   Stab: Sleeping          |       |     2 |     3 |     3 ||     8
         Distracted        |       |       |     1 |       ||     1
 Armour: Scale mail        |    40 |       |       |       ||    40
         Leather armour    |       |    42 |    55 |     6 ||   103
  Dodge: Dodged            |    39 |    73 |   207 |    39 ||   358
  Block: Buckler           |    29 |    45 |   102 |    17 ||   193

Table legend: (Time is in decaauts)
 A = Elapsed time spent in this place.
 B = Non-inter-level travel time spent in this place.
 C = Inter-level travel time spent in this place.
 D = Time resting spent in this place.
 E = Time spent auto-exploring this place.
 F = Levels seen in this place.
 G = Mean time per level.
                   A        B        C        D        E       F      G
               +--------+--------+--------+--------+--------+-----+--------+
         Total |   8019 |   7417 |    602 |   1402 |   4350 |  10 |  801.9 |
       Dungeon |   7150 |   6609 |    541 |    934 |   4270 |   8 |  893.8 |
        Temple |    123 |     63 |     60 |      0 |     49 |   1 |  123.0 |
        Bailey |    745 |    745 |      0 |    468 |     31 |   1 |  745.0 |
               +--------+--------+--------+--------+--------+-----+--------+

Top non-repeatable levels by time:
     D:3: 1228 daAuts
     D:6: 1173 daAuts
     D:4: 1127 daAuts
     D:2: 1010 daAuts
     D:1: 926 daAuts
     D:5: 835 daAuts
  Bailey: 745 daAuts
     D:8: 465 daAuts
     D:7: 382 daAuts
  Temple: 123 daAuts
